 Dungeon Crawl Stone Soup version 0.23-a0-49-gd9f7a49 (webtiles) character file.

51 iamserjio the Skirmisher (level 3, -1/24 HPs)
             Began as a Gargoyle Berserker on Aug 6, 2018.
             Was a Follower of Trog.
             Slain by a rat (2 damage)
             ... on level 2 of the Dungeon.
             The game lasted 00:01:25 (138 turns).

iamserjio the Skirmisher (Gargoyle Berserker)        Turns: 138, Time: 00:01:26

Health: -1/24      AC:  5    Str: 20    XL:     3   Next: 83%
Magic:  3/3        EV: 12    Int:  7    God:    Trog [*.....]
Gold:   0          SH:  0    Dex: 10    Spells: 2/2 levels left

rFire    . . .     SeeInvis .   a - +0 hand axe
rCold    . . .     Gourm    .   (no shield)
rNeg     + . .     Faith    .   b - +0 animal skin
rPois    ∞         Spirit   .   (no helmet)
rElec    +         Reflect  .   (no cloak)
rCorr    .         Harm     .   (no gloves)
MR       .....                  (no boots)
Stlth    +.........             (no amulet)
HPRegen  0.08/turn              (no ring)
MPRegen  0.08/turn              (no ring)

@: berserk cooldown, flying, slowed, very slow
A: negative energy resistance 1, electricity resistance, unbreathing,
petrification resistance, rot immunity, AC +3
a: Berserk, Renounce Religion


You were on level 2 of the Dungeon.
You worshipped Trog.
Trog was aware of your devotion.
You were not hungry.

You visited 1 branch of the dungeon, and saw 2 of its levels.

Inventory:

Hand Weapons
 a - a +0 hand axe (weapon)
 e - a +0 mace
Armour
 b - a +0 animal skin (worn)
Scrolls
 f - 3 scrolls of remove curse {unknown}
Comestibles
 c - a ration
 g - a chunk of flesh


   Skills:
 + Level 3.8 Fighting
 * Level 3.5 Axes
 + Level 2.9 Armour
 - Level 1.5 Dodging


You had 2 spell levels left.
You didn't know any spells.
Your spell library was empty.

Dungeon Overview and Level Annotations

Branches:
Dungeon (1/15)

Altars:


Innate Abilities, Weirdness & Mutations

You are resistant to torment.
Your stone body is resilient. (AC +3)
You are immune to poison.
You resist negative energy. (rN+)
You are resistant to electric shocks. (rElec)
You can survive without breathing.
You are immune to petrification.
You are immune to rotting.


Message History

You are exhausted.
You feel yourself slow down.
Found 20 bolts.
You closely miss the adder. The adder bites you but does no damage.
The adder bites you.
* * * LOW HITPOINT WARNING * * *
The rat closely misses you.
You hit the adder.
The adder is severely wounded.
You hit the rat but do no damage. The adder bites you.
* * * LOW HITPOINT WARNING * * *
The adder bites you.
* * * LOW HITPOINT WARNING * * *
The rat bites you but does no damage. The adder bites you.
* * * LOW HITPOINT WARNING * * *
It was a potion of flight.
You feel very buoyant.
You fly up into the air.
The rat bites you but does no damage. The adder misses you. The rat bites you.
You die...

### #### #.. .... #######
#.# #### #.....# #.# #
###.....####.############
.......S@..)......†..(..'
##.....r##.#..###########
#......##.#..# #
.......(...#..#
##...#....##..# #...#....
...# #.. #.....##.# #.#
#####. #.# # #.#


You could see an adder and a rat.

Vanquished Creatures
  Jessica (D:2)
  A gnoll (D:1)
  An ooze (D:1)
  A giant cockroach (D:1)
  A hobgoblin (D:2)
  2 frilled lizards (D:2)
  5 goblins
  A rat (D:1)
13 creatures vanquished.

Notes
Turn   | Place    | Note
-------+----------+-------------------------------------------
     0 | D:1      | iamserjio the Gargoyle Berserker began the quest for the Orb.
     0 | D:1      | Reached XP level 1. HP: 14/14 MP: 1/1
    24 | D:1      | Reached XP level 2. HP: 13/19 MP: 2/2
    78 | D:1      | You fall through a shaft!
    96 | D:2      | Reached XP level 3. HP: 5/23 MP: 3/3
   126 | D:2      | Noticed Jessica
   129 | D:2      | Killed Jessica
   137 | D:2      | HP: 1/24 [adder (2)]
   138 | D:2      | Slain by a rat

Vault maps used:
D:1:      scummos_arrival_star
D:2:      uniq_crazy_yiuf_cottage, uniq_terence, uniq_jessica

Skill      XL: |  1  2 |
---------------+-------+-----
Axes           | 3 |  3.5
Fighting       | |  3.8
Armour         | |  2.9
Dodging        | |  1.5

Action                   || total
-------------------------++-------
Melee: Hand axe          ||    48
Invok: Berserk           ||     2
  Use: Potion            ||     1
Armor: Animal skin       ||    14
Dodge: Dodged            ||    30

Table legend:
 A = Spawn XP
 B = Non-spawn XP
 C = Spawn XP percentage of total XP
 D = Spawn monster count
 E = Non-spawn monster count
 F = Spawn count percentage of total count
 G = Total turns spent on level
                    A         B        C        D         E        F      G
               +---------+---------+-------+---------+---------+-------+---------
         Total |       0 |      74 |   0.0 |       0 |      13 |   0.0 |   138
               +---------+---------+-------+---------+---------+-------+---------
           D:1 |       0 |      31 |   0.0 |       0 |       8 |   0.0 |    78
           D:2 |       0 |      43 |   0.0 |       0 |       5 |   0.0 |    60
               +---------+---------+-------+---------+---------+-------+---------
